 Dungeon Crawl Stone Soup version 0.29.1-14-g9c671dbff4 (webtiles) character file.

Game seed: 13786365367634876624

56828 Charmandara the Severer (level 15, -3/210 (223) HPs)
             Began as a Meteoran Delver on Jan 27, 2023.
             Was an Initiate of Gozag.
             Slain by a culicivora (12 damage)
             ... led by a torpor snail
             ... on level 1 of the Spider Nest on Feb 18, 2023.
             The game lasted 01:06:39 (7705 turns).

Charmandara the Severer (Meteoran Delver)           Turns: 7705, Time: 01:06:40

HP:   -3/210 (223)  AC: 27    Str: 21    XL:     15   Next: 66%
MP:   22/22         EV:  2    Int: 24    God:    Gozag
Gold: 3382          SH:  0    Dex: 14    Spells: 18/22 levels left

rFire   + . .      SeeInvis .   a - +5 battleaxe "Varij" {vorpal, rElec Str+3 Int+2}
rCold   + . .      Faith    .   (shield currently unavailable)
rNeg    . . .      Spirit   .   (body armour currently unavailable)
rPois   +          Reflect  .   (helmet currently unavailable)
rElec   +          Harm     .   (cloak currently unavailable)
rCorr   +          Rampage  .   (gloves currently unavailable)
Will    ++...      NoTele   +   (boots currently unavailable)
Stlth   +.........              x - amulet of magic regeneration
HPRegen 0.45/turn               n - +6 ring of intelligence
MPRegen 0.58/turn               G - ring of willpower

@: mighty, tree-form, resistant, glowing, drained
A: stationary, stasis, torment immunity, boosted hp, sense surroundings 2,
otherworldly, glowing, explore regen, clever 1, clumsy 2, robust 1
a: End Transformation, Renounce Religion, Potion Petition, Call Merchant, Bribe
Branch


You were on level 1 of the Spider Nest.
You worshipped Gozag.
Gozag was most pleased with you.
You were a tree.
You visited 6 branches of the dungeon, and saw 21 of its levels.

You collected 7622 gold pieces.
You spent 1949 gold pieces at shops.
You paid 2291 gold pieces to Gozag.

Inventory:

Hand Weapons
 a - the +5 battleaxe "Varij" (weapon) {vorpal, rElec Str+3 Int+2}
   (You found it on level 8 of the Dungeon)

   It inflicts extra damage upon your enemies.
   Str:       It affects your strength (+3).
   Int:       It affects your intelligence (+2).
   rElec:     It insulates you from electricity.
 b - a +6 flail
 v - a +2 longbow of freezing
Armour
 h - a +1 plate armour of poison resistance (melded)
 r - the +2 pair of boots "Zuw Luli" (melded) {Harm rC+ Will+}
   (You bought it in a shop on level 5 of the Dungeon)

   rC:        It protects you from cold.
   Harm:      It increases damage dealt and taken.
   Will:      It increases your willpower.
 u - the +10 plate armour of a Thousand Planets {Str+3 Dex+5}
   (You bought it in a shop on level 5 of the Dungeon)

   Str:       It affects your strength (+3).
   Dex:       It affects your dexterity (+5).
 y - a +0 pair of gloves (melded)
 A - a +2 helmet (melded)
Jewellery
 n - a +6 ring of intelligence (left branch)
 x - an amulet of magic regeneration (around neck)
 E - a ring of positive energy
 G - a ring of willpower (right branch)
Wands
 g - a wand of digging (1)
 i - a wand of roots (17)
 p - a wand of charming (3)
Scrolls
 c - 3 scrolls of fog
 d - 4 scrolls of magic mapping
 e - 6 scrolls of fear
 l - 3 scrolls of immolation
 s - a scroll of amnesia
 t - 3 scrolls of teleportation
 w - 2 scrolls of enchant weapon
 B - 3 scrolls of vulnerability
 F - a scroll of identify
Potions
 f - 2 potions of haste
 j - a potion of cancellation
 k - 2 potions of curing
 m - a potion of flight
 o - 4 potions of brilliance
 q - 2 potions of ambrosia
 z - a potion of magic
 C - a potion of mutation
 D - a potion of lignification {unknown}


   Skills:
 + Level 13.6 Fighting
 - Level 20.2 Axes
 * Level 16.0 Armour
 + Level 5.6 Dodging
 - Level 3.7 Stealth
 - Level 4.0 Spellcasting
 - Level 2.1 Necromancy


You had 18 spell levels left.
You knew the following spells:

 Your Spells              Type           Power      Damage    Failure   Level
a - Necrotise             Necr           56%        1d6       4%          1
b - Vampiric Draining     Necr           14%        2d7       12%         3

Your spell library contained the following spells:

 Spells                   Type           Power      Damage    Failure   Level
 Magic Dart               Conj           16%        1d3       10%         1
 Call Imp                 Summ           4%         N/A       14%         2
 Mephitic Cloud           Conj/Pois/Air  4%         N/A       28%         3
 Ozocubu's Armour         Ice            4%         N/A       28%         3
 Agony                    Necr           14%        N/A       75%         5
 Metabolic Englaciation   Hex/Ice        2%         N/A       95%         5
 Dispersal                Tloc           2%         N/A       100%        6
 Disjunction              Tloc           2%         N/A       100%        8
 Simulacrum               Ice/Necr       Unusable   N/A       N/A         6

Dungeon Overview and Level Annotations

Branches:
Dungeon (10/15) Zot: 1549  Temple (1/1) D:6 Zot: 573    Lair (5/5) D:10 Zot: 916
 Shoals (1/4) Lair:2 Zot: 571  Spider (2/4) Lair:2 Zot: 1045   Slime (0/5) Lair:4
    Orc (2/2) D:9 Zot: 347     Elf (0/3) Orc:2

Altars:
Ashenzari
Dithmenos
Elyvilon
Fedhas
Gozag
Hepliaklqana
Makhleb
Nemelex Xobeh
Ru
Sif Muna
Trog
Vehumet
Wu Jian
Xom
Yredelemnul
Zin

Shops:
D:5 [   Orc:1 (   Orc:2 *([

Annotations:
D:8 2 transporters, cheesebisquit's ghost, novice GrEE
Shoals:1 Frances


Innate Abilities, Weirdness & Mutations

You are a tree.
Your roots penetrate the ground, keeping you stationary.
You cannot be teleported.
You are immune to unholy pain and torment.
Your maximum health is greatly increased.
Your equipment is partially melded.
You passively map the area around you.
You are easily found by Zot.
You glow in the dark.
You regain HP and MP as you explore.
Your mind is acute. (Int +4, Str/Dex -1)
You are very clumsy. (Dex -4)
You are robust. (+10% HP)


Message History

The culicivora bites you.
* * * LOW HITPOINT WARNING * * *
The culicivora draws strength from your injuries!
The pharaoh ant bites you!
* * * LOW HITPOINT WARNING * * *
The culicivora bites you but does no damage.
Unknown command.
Okay, then.
You feel much better.
The culicivora bites you but does no damage.
The culicivora bites you.
The culicivora draws strength from your injuries!
The pharaoh ant bites you!!
* * * LOW HITPOINT WARNING * * *
The culicivora closely misses you. The pharaoh ant bites you!
* * * LOW HITPOINT WARNING * * *
Unknown command.
Okay, then.
Press: ? - help, v - describe, . - travel
Here: a pharaoh ant (severely damaged)
The floor, spattered with blood.
Okay, then. [a] - 378 gold - haste and brilliance [b] - 100 gold - might [c] - 510 gold - lignification, might and resistance Purchase which effect?
You turn into a tree.
Your +2 helmet melds into your body.
Your +0 pair of gloves melds into your body.
The +2 pair of boots "Zuw Luli" {Harm rC+ Will+} melds into your body.
Your +1 plate armour of poison resistance melds into your body.
You no longer feel resistant to poison.
Your roots penetrate the ground.
You feel very mighty all of a sudden.
You feel protected.
You feel yourself speed up. The pharaoh ant bites you!
* * * LOW HITPOINT WARNING * * *
You feel drained.
* * * LOW HITPOINT WARNING * * *
The culicivora bites you!
You die...
Your body crumbles into a pile of gold.

* ,* , , ###... * ,
##.....* , *, *
#....$# ,* *#....##
,* , *^, #....## ,
###....# * ,,,,,
#.sBw..######## ,
*#s♣s...#.#.#.#
####
####.........##...#
##.........#...#
###.^##...#..#
#....##.^..###
###..#.......#
####......^#
##.###.....#
#...###....#


You could see a torpor snail, 2 culicivoras, a pharaoh ant and a friendly wolf
spider (charmed, slow).

Vanquished Creatures
  Kirke (Lair:4)
  An orc warlord (Orc:2)
  A fire dragon (Lair:5)
  6 hydras
  Harold (D:9)
  2 boulder beetles
  A catoblepas (Lair:5)
  4 orc high priests (Orc:2)
  A soul eater (D:10)
  A pharaoh ant (Spider:2)
  A swamp dragon (Lair:5)
  A sea snake (Shoals:1)
  A steelbarb worm (Spider:1)
  2 orc sorcerers
  A moth of wrath (Spider:1)
  7 elephants
  5 black mambas (Lair:5)
  8 cane toads
  4 rust devils (D:10)
  Maggie (Lair:2)
  2 demonic crawlers
  5 rime drakes
  7 komodo dragons
  A hellwing (D:10)
  A red devil (D:10)
  2 trolls
  2 polar bears
  A wind drake (Shoals:1)
  Grinder (D:3)
  8 blink frogs
  3 tarantellas (Spider:1)
  A snapping turtle (Lair:2)
  8 jumping spiders
  6 hogs (Lair:4)
  2 culicivoras
  3 vampire mosquitoes (D:10)
  2 wyverns
  65 yaks
  3 steam dragons
  3 basilisks
  A water elemental (Shoals:1)
  A chaos spawn (D:10)
  5 redbacks
  A warg (Orc:2)
  3 acid dragons (D:10)
  9 water moccasins
  A swamp drake (Lair:5)
  5 black bears
  3 sky beasts
  32 orc warriors
  An ice beast (D:6)
  7 centaurs
  6 ogres
  17 wolves
  4 phantoms
  2 kobold brigands (D:10)
  6 bullfrogs
  A necrophage (D:7)
  3 scorpions
  3 wights (D:9)
  9 killer bees
  A howler monkey (D:9)
  3 electric eels (Lair:4)
  3 quasits (D:10)
  A hound (D:5)
  2 gnoll boudas
  3 jellies
  25 orc priests
  25 orc wizards
  7 iguanas
  7 hell rats (Lair:3)
  Robin (D:2)
  14 gnolls
  8 adders
  A shadow imp (D:8)
  A white imp (D:7)
  4 dart slugs
  57 orcs
  3 bats
  11 endoplasms
  A giant cockroach (D:3)
  8 hobgoblins
  5 jackals (D:4)
  12 kobolds
  4 quokkas
  7 ball pythons
  3 frilled lizards
  20 goblins
  8 rats
541 creatures vanquished.

Vanquished Creatures (collateral kills)
  A hydra (Lair:2)
  A troll (Orc:2)
  An orc warrior (Orc:2)
  A gnoll (D:7)
  3 orcs (Orc:2)
7 creatures vanquished.

Vanquished Creatures (others)
  A basilisk (Lair:5)
  A gnoll (D:7)
  14 fungi
  34 plants
50 creatures vanquished.

Grand Total: 598 creatures vanquished

Notes
Turn   | Place    | Note
-------+----------+-------------------------------------------
     0 | D:5      | Charmandara the Meteoran Delver began the quest for the
                  | Orb.
     0 | D:5      | Reached XP level 1. HP: 19/19 MP: 2/2
    43 | D:3      | Reached skill level 3 in Axes
    43 | D:3      | Reached XP level 2. HP: 26/26 MP: 3/3
    82 | D:4      | Reached XP level 3. HP: 10/31 MP: 4/4
   270 | D:4      | Found a shimmering altar of Xom.
   282 | D:4      | Reached skill level 4 in Axes
   288 | D:4      | Reached XP level 4. HP: 24/38 MP: 5/5
   301 | D:4      | Found a hazy altar of Hepliaklqana.
   324 | D:4      | Reached skill level 5 in Axes
   336 | D:4      | Found a glowing silver altar of Zin.
   430 | D:2      | Noticed Robin
   442 | D:2      | Killed Robin
   449 | D:2      | Reached XP level 5. HP: 39/45 MP: 6/6
   652 | D:1      | Reached skill level 6 in Axes
  1084 | D:3      | Reached XP level 6. HP: 27/51 MP: 7/7
  1236 | D:3      | Found an opulent altar of Gozag.
  1254 | D:3      | Reached skill level 7 in Axes
  1319 | D:3      | Became a worshipper of Gozag Ym Sagoz the Greedy
  1378 | D:3      | Noticed Grinder
  1383 | D:3      | Gained mutation: You are dopey. (Int -2) [potion of
                  | mutation]
  1383 | D:3      | Gained mutation: You expend magic power (3 MP) to
                  | strengthen your wands. [potion of mutation]
  1400 | D:3      | Killed Grinder
  1401 | D:3      | Reached skill level 8 in Axes
  1401 | D:3      | Reached XP level 7. HP: 31/57 MP: 8/8
  1529 | D:4      | Reached skill level 9 in Axes
  1534 | D:4      | Reached XP level 8. HP: 45/63 MP: 9/9
  1604 | D:4      | Reached skill level 10 in Axes
  1606 | D:4      | Found a sparkling altar of Nemelex Xobeh.
  1840 | D:5      | Upgraded the game from 0.29.1-13-g9f3cf754e1 to
                  | 0.29.1-14-g9c671dbff4
  1897 | D:5      | Learned a level 1 spell: Necrotise
  1977 | D:5      | Reached skill level 1 in Necromancy
  2053 | D:5      | Found Wobael's Armour Shop.
  2173 | D:6      | Reached skill level 1 in Spellcasting
  2184 | D:6      | Found a staircase to the Ecumenical Temple.
  2206 | D:6      | Gained mutation: You passively map the area around you.
                  | [Meteoran growth]
  2206 | D:6      | Reached XP level 9. HP: 21/72 MP: 6/13
  2254 | D:6      | Reached skill level 11 in Axes
  2315 | D:5      | Bought the +2 pair of boots "Zuw Luli" {Harm rC+ Will+} for
                  | 375 gold pieces
  2348 | D:6      | Found a burning altar of Makhleb.
  2382 | Temple   | Entered the Ecumenical Temple
  2442 | D:7      | Found a radiant altar of Vehumet.
  2447 | D:7      | Learned a level 3 spell: Vampiric Draining
  2494 | D:7      | Reached skill level 5 in Fighting
  2553 | D:7      | Found a shadowy altar of Dithmenos.
  2664 | D:7      | Reached skill level 12 in Axes
  2791 | D:7      | Reached XP level 10. HP: 31/84 MP: 17/17
  2895 | D:8      | Reached skill level 1 in Armour
  2936 | D:8      | Reached skill level 13 in Axes
  2956 | D:8      | Identified the +5 battleaxe "Varij" {vorpal, rElec Str+3
                  | Int+2}
  2986 | D:8      | Noticed a boulder beetle
  3000 | D:8      | Killed a boulder beetle
  3064 | D:8      | Reached XP level 11. HP: 45/95 MP: 18/18
  3166 | D:5      | Bought the +10 plate armour of a Thousand Planets {Str+3
                  | Dex+5} for 1064 gold pieces
  3280 | D:7      | Reached skill level 14 in Axes
  3306 | D:8      | Noticed cheesebisquit's ghost (novice GrEE)
  3306 | D:8      | Noticed a moth of wrath
  3313 | D:8      | Found a bloodstained altar of Trog.
  3321 | D:8      | Found a transporter.
  3328 | D:8      | Found a transporter.
  3356 | D:8      | Found a sacrificial altar of Ru.
  3483 | D:10     | Entered Level 10 of the Dungeon
  3523 | D:9      | Reached skill level 5 in Armour
  3538 | D:9      | Reached skill level 15 in Axes
  3648 | D:9      | Noticed Harold
  3669 | D:9      | Killed Harold
  3726 | D:9      | Reached XP level 12. HP: 82/106 MP: 19/19
  3782 | D:9      | Found a broken altar of Ashenzari.
  3823 | D:9      | Found a staircase to the Orcish Mines.
  3880 | D:10     | Reached skill level 10 in Fighting
  3880 | D:10     | Reached skill level 16 in Axes
  3913 | D:10     | Found a white marble altar of Elyvilon.
  3921 | D:10     | Found a staircase to the Lair.
  3990 | Orc:1    | Entered Level 1 of the Orcish Mines
  4066 | Orc:1    | Found Tettyreugi's Weapon Boutique.
  4120 | Orc:2    | Entered Level 2 of the Orcish Mines
  4134 | Orc:2    | Noticed an orc warlord
  4301 | Orc:2    | Killed an orc warlord
  4576 | Orc:2    | Noticed an orc high priest
  4578 | Orc:2    | Noticed an orc high priest
  4691 | D:10     | Reached skill level 17 in Axes
  4695 | D:10     | Reached XP level 13. HP: 112/114 MP: 20/20
  4823 | D:10     | Reached skill level 10 in Armour
  5175 | Orc:2    | Found a staircase to the Elven Halls.
  5186 | Orc:2    | Found Paninn's Weapon Boutique.
  5186 | Orc:2    | Found Hufaucs's Magic Scroll Shop.
  5187 | Orc:2    | Found Ymo Wuhu's Armour Shop.
  5191 | Orc:2    | Found Dewapt's Assorted Antiques.
  5196 | Orc:2    | Bought a scroll of vulnerability for 48 gold pieces
  5196 | Orc:2    | Bought a scroll of immolation for 48 gold pieces
  5196 | Orc:2    | Bought a scroll of magic mapping for 90 gold pieces
  5196 | Orc:2    | Bought a scroll of fear for 48 gold pieces
  5196 | Orc:2    | Bought a scroll of enchant weapon for 90 gold pieces
  5196 | Orc:2    | Bought a scroll of identify for 24 gold pieces
  5196 | Orc:2    | Bought a scroll of fear for 48 gold pieces
  5196 | Orc:2    | Bought a scroll of summoning for 114 gold pieces
  5358 | Lair:1   | Entered Level 1 of the Lair of Beasts
  5372 | Lair:1   | Reached skill level 18 in Axes
  5462 | Lair:2   | Noticed a six-headed hydra
  5700 | Lair:2   | Noticed a six-headed hydra
  5707 | Lair:2   | Killed a six-headed hydra
  5743 | Lair:2   | Killed a six-headed hydra
  5770 | Lair:2   | Noticed Maggie
  5783 | Lair:2   | Killed Maggie
  5821 | Lair:2   | Found a staircase to the Shoals.
  5833 | Shoals:1 | Entered Level 1 of the Shoals
  5841 | Shoals:1 | Reached XP level 14. HP: 86/125 MP: 21/21
  5857 | Shoals:1 | Noticed Frances
  6205 | Lair:4   | Reached skill level 19 in Axes
  6211 | Lair:5   | Entered Level 5 of the Lair of Beasts
  6310 | Lair:4   | Noticed Kirke
  6327 | Lair:4   | Killed Kirke
  6343 | Lair:4   | Found a staircase to the Slime Pits.
  6643 | Lair:3   | Reached XP level 15. HP: 67/134 MP: 22/22
  7042 | Lair:5   | Reached skill level 20 in Axes
  7156 | Lair:5   | Reached skill level 15 in Armour
  7181 | Lair:5   | Lost mutation: You are dopey. (Int -2) [potion of mutation]
  7181 | Lair:5   | Lost mutation: You expend magic power (3 MP) to strengthen
                  | your wands. [potion of mutation]
  7181 | Lair:5   | Gained mutation: You sometimes lose your temper in combat.
                  | [potion of mutation]
  7181 | Lair:5   | Gained mutation: You are partially covered in iridescent
                  | scales. (AC +2) [potion of mutation]
  7182 | Lair:5   | Lost mutation: You are partially covered in iridescent
                  | scales. (AC +2) [potion of mutation]
  7182 | Lair:5   | Lost mutation: You sometimes lose your temper in combat.
                  | [potion of mutation]
  7182 | Lair:5   | Gained mutation: You have a pair of small horns on your
                  | head. [potion of mutation]
  7182 | Lair:5   | Gained mutation: You are partially covered in large bone
                  | plates. (SH +4) [potion of mutation]
  7183 | Lair:5   | Lost mutation: You are partially covered in large bone
                  | plates. (SH +4) [potion of mutation]
  7183 | Lair:5   | Lost mutation: You have a pair of small horns on your head.
                  | [potion of mutation]
  7183 | Lair:5   | Gained mutation: You are clumsy. (Dex -2) [potion of
                  | mutation]
  7183 | Lair:5   | Gained mutation: You are robust. (+10% HP) [potion of
                  | mutation]
  7183 | Lair:5   | Gained mutation: You are very clumsy. (Dex -4) [potion of
                  | mutation]
  7183 | Lair:5   | Gained mutation: Your mind is acute. (Int +4, Str/Dex -1)
                  | [potion of mutation]
  7508 | Lair:2   | Found a hole to the Spider Nest.
  7539 | Spider:1 | Entered Level 1 of the Spider Nest
  7559 | Spider:1 | Reached skill level 5 in Dodging
  7705 | Spider:1 | HP: 10/214 [pharaoh ant (8)]
  7705 | Spider:1 | Slain by a culicivora

Illustrated notes

Levels and vault maps discovered:
D:1:      erik_arrival_blinker_ship, layout_basic,
          shapermc_ecumenical_altar_flowoftime
D:2:      layout_loops_cross, minmay_misc_feat_plants, glass_columns_b,
          minmay_fractal_squares_5, uniq_robin
D:3:      layout_rooms, mainiacjoe_overflow_boulevard, uniq_grinder
D:4:      layout_basic, zin_statuary, mainiacjoe_overflow_catwalk,
          xom_teletrap_fun, nemelex_xobeh_ov_fountains_minmay
D:5:      layout_basic, kennysheep_mini, serial_shops, nicolae_diamond_shop
D:6:      layout_cave_pools, lightli_temple_of_fire,
          mainiacjoe_overflow_six_doors_small, minmay_temple_entry_purple_smoke,
          minmay_misc_feat_x, uniq_blork_the_orc
D:7:      kennysheep_spiral_hall, layout_basic, lemuel_tele_altar,
          nicolae_qazlal_style_of_elements,
          nicolae_dithmenos_through_a_glass_darkly, reono_crystal_passage
D:8:      layout_loops_ring, hangedman_ru_absence,
          gammafunk_ghost_wrathful_warriors, minmay_stone_trees_small,
          nicolae_straight_to_the_point
D:9:      layout_cave_pools, mainiacjoe_overflow_chevrons, orc_david_3,
          grunt_ministairs_12, hangedman_abyss_or_decor_stabs, uniq_harold
D:10:     layout_irregular_city, mainiacjoe_overflow_tiny_flanked,
          david_lair_generic, serial_demonic, serial_demonic_d,
          serial_demonic_f, serial_demonic_a, serial_demonic_d, st_stairs_4
Temple:   nicolae_temple_superstar
Lair:1:   layout_cave_shapes
Lair:2:   layout_gridlike, minmay_shoals_entry_hut,
          nicolae_spider_entry_tight_spaces, dreamdust_deal_with_the_devil,
          chequers_serial_rivers_micro_d, uniq_maggie
Lair:3:   layout_long_grid, lemuel_old_faithful
Lair:4:   layout_regular_city, slime_entry_1, serial_bayou,
          serial_bayou_shore_b, serial_bayou_ford_a, serial_bayou_pond_b,
          serial_bayou_shore_a, lemuel_fruit_fields, uniq_kirke
Lair:5:   guppyfry_lair_end_dragon, layout_big_grid, minivault_11
Shoals:1: layout_shoals, lemuel_altar_in_water2, uniq_frances
Spider:1: layout_spider_delve
Spider:2: layout_spider_delve, hangedman_spider_tarantella_strand
Orc:1:    layout_caves, serial_shops, nicolae_shop_crystal
Orc:2:    st_orc_mages, layout_diamond_mine, basic_altar,
          nicolae_orc_crystal_geode

Skill      XL: |  1  2  3  4  5  6  7  8  9 10 11 12 13 14 15 |
---------------+----------------------------------------------+-----
Axes           | 3 4 5 6 8 9 10 12 13 15 17 18 19 20 | 20.2
Necromancy     | 2 |  2.1
Spellcasting   | 2 4 |  4.0
Fighting       | 4 6 8 9 10 11 12 13 | 13.6
Armour         | 3 6 9 12 14 16 | 16.0
Dodging        | 4 5 |  5.6
Stealth        | |  3.7

Action                   |  1- 3 |  4- 6 |  7- 9 | 10-12 | 13-15 || total
-------------------------+-------+-------+-------+-------+-------++-------
Melee: Hand axe          |     7 |       |       |       |       ||     7
       War axe           |    20 |       |       |       |       ||    20
       Flail             |     7 |   159 |   183 |    46 |    44 ||   439
       Punch             |       |     2 |     3 |       |       ||     5
       Battleaxe         |       |       |       |   272 |   490 ||   762
 Cast: Necrotise         |       |       |     1 |       |       ||     1
Invok: Potion Petition   |       |       |       |     3 |     2 ||     5
Evoke: Wand              |       |       |     8 |    27 |     5 ||    40
  Use: Scroll            |       |     5 |     6 |     2 |     5 ||    18
       Potion            |       |     4 |     1 |     7 |     9 ||    21
 Stab: Sleeping          |       |     2 |       |       |       ||     2
       Distracted        |       |       |       |     6 |     5 ||    11
       Petrified         |       |       |       |       |     2 ||     2
Armor: Leather armour    |    11 |    53 |    91 |    35 |       ||   190
       Plate armour      |       |       |       |   158 |   439 ||   597
       Skin              |       |       |       |       |    21 ||    21
Dodge: Dodged            |    15 |    94 |    96 |   126 |   210 ||   541
